 Dungeon Crawl Stone Soup version 0.25-a0-842-g81a31cfd23 (webtiles) character file.

Game seed: 16662706042085198674, levelgen mode: deterministic

1641 kae the Cleaver (level 8, 0/111 HPs)
             Began as a Hill Orc Fighter on Apr 24, 2020.
             Was a Believer of Makhleb.
             Succumbed to an orc warrior's poison
             ... on level 6 of the Dungeon.
             The game lasted 00:03:10 (5149 turns).

kae the Cleaver (Hill Orc Fighter)                  Turns: 5149, Time: 00:03:11

Health: 0/111      AC:  7    Str: 21    XL:     8   Next: 99%
Magic:  12/12      EV: 22    Int:  8    God:    Makhleb [**....]
Gold:   286        SH:  9    Dex: 10    Spells: 7/7 levels left

rFire    . . .     SeeInvis .   a - +0 war axe
rCold    . . .     Gourm    .   c - +0 kite shield
rNeg     . . .     Faith    .   b - +1 scale mail
rPois    .         Spirit   .   (no helmet)
rElec    .         Reflect  .   (no cloak)
rCorr    .         Harm     .   (no gloves)
MR       .....                  (no boots)
Stlth    ..........             p - amulet of the acrobat
HPRegen  0.28/turn              l - ring of flight
MPRegen  0.13/turn              (no ring)

@: berserking (expiring), lethally poisoned (0 -> -23), marked, acrobat, very
quick
A: no striking features
a: Minor Destruction, Renounce Religion, Evoke Flight


You were on level 6 of the Dungeon.
You worshipped Makhleb.
Makhleb was pleased with you.
You were hungry.

You visited 1 branch of the dungeon, and saw 6 of its levels.
You also visited: Sewer.

You collected 286 gold pieces.

Inventory:

Hand Weapons
 a - a +0 war axe (weapon)
Armour
 b - a +1 scale mail (worn)
 c - a +0 kite shield (worn)
Jewellery
 l - a ring of flight (left hand)
 p - an amulet of the acrobat (around neck)
 t - an uncursed amulet of rage
Scrolls
 e - a scroll of enchant weapon {unknown}
 i - a scroll of fear {unknown}
 s - 4 scrolls of remove curse
Potions
 d - 2 potions of might
 g - a potion of degeneration
 h - a potion of berserk rage
 n - 2 potions of curing
 o - 3 potions of magic
 r - 4 potions of lignification {unknown}
 v - 2 potions of haste {unknown}
Comestibles
 f - 14 rations


   Skills:
 + Level 7.8 Fighting
 * Level 10.9 Axes
 - Level 3.2 Armour
 - Level 3.2 Shields
 + Level 5.7 Invocations


You had 7 spell levels left.
You didn't know any spells.
Your spell library was empty.

Dungeon Overview and Level Annotations

Branches:
Dungeon (6/15)             Temple (0/1) D:4           Sewer (visited)

Altars:
Cheibriados
Fedhas
Gozag
Hepliaklqana
Makhleb
Ru
Uskayaw

Shops:
D:5 :

Annotations:
D:3 3 runed translucent doors, Esekla's ghost, amateur TeVM


Message History

You slash the worker ant!
You kill the worker ant!
Makhleb accepts your kill.
You feel better.
You feel sick.
The orc warrior hits you with a +1 trident of venom!!
* * * LOW HITPOINT WARNING * * *
You are more poisoned.
Your shield and scale mail prevent you from hitting the orc warrior.
The orc warrior is heavily wounded.
* * * LOW HITPOINT WARNING * * *
You feel sick.
The orc warrior hits you with a +1 trident of venom.
* * * LOW HITPOINT WARNING * * *
You slice the orc warrior!!
You kill the orc warrior!
Makhleb accepts your kill.
* * * LOW HITPOINT WARNING * * *
You feel sick.
You are too berserk!
You die...

..... #....
#.....########## #....
#..............# #....
#..............# #....
#..../.........# #####
#..............#
#..............#
#.>............#
#.....)@.......# #####
#....).........# #....
#..............# #....
................# #....
....%...........# #....
................#####....
..5..................####
.......#########.....#
....... #.....#


You could see a crimson imp.

Vanquished Creatures
  An orc warrior (D:6)
  A phantom (D:4)
  2 centaurs (D:5)
  An ogre (D:3)
  5 big kobolds (Sewer)
  A bullfrog (D:6)
  A bullfrog zombie (D:5)
  3 orc priests
  A centaur skeleton (D:5)
  9 orc wizards
  Natasha (thrice) (D:2)
  2 worker ants
  A river rat (D:4)
  14 adders
  A shadow imp (D:6)
  5 oozes (Sewer)
  An adder skeleton (D:5)
  5 worms
  A dart slug (D:2)
  A leopard gecko (D:3)
  18 orcs
  8 ball pythons
  3 giant cockroaches
  8 goblins
  6 hobgoblins
  5 jackals
  9 kobolds
  A quokka (D:3)
  8 bats
  6 frilled lizards
  13 rats
144 creatures vanquished.

Notes
Turn   | Place    | Note
-------+----------+-------------------------------------------
     0 | D:1      | kae the Hill Orc Fighter began the quest for the Orb.
     0 | D:1      | Reached XP level 1. HP: 19/19 MP: 1/1
   226 | D:1      | Reached skill level 3 in Axes
   364 | D:1      | Reached XP level 2. HP: 27/27 MP: 2/2
   724 | D:2      | Found a blossoming altar of Fedhas.
   808 | D:2      | Reached skill level 4 in Axes
   808 | D:2      | Reached XP level 3. HP: 26/33 MP: 3/3
  1241 | D:2      | Noticed Natasha
  1245 | D:2      | Killed Natasha
  1245 | D:2      | Reached skill level 5 in Axes
  1245 | D:2      | Reached XP level 4. HP: 40/41 MP: 4/4
  1512 | D:2      | Noticed Natasha
  1518 | D:2      | Killed Natasha
  1670 | D:2      | Noticed Natasha
  1679 | D:2      | Killed Natasha
  1679 | D:2      | Reached XP level 5. HP: 31/47 MP: 5/5
  1743 | D:2      | Found a blossoming altar of Fedhas.
  2140 | D:3      | Reached skill level 5 in Fighting
  2140 | D:3      | Reached skill level 6 in Axes
  2282 | D:3      | Noticed an ogre
  2288 | D:3      | Killed an ogre
  2288 | D:3      | Reached skill level 7 in Axes
  2288 | D:3      | Reached XP level 6. HP: 29/56 MP: 6/6
  2539 | D:3      | Found an opulent altar of Gozag.
  2544 | D:3      | Found a hazy altar of Hepliaklqana.
  2544 | D:3      | Found a sacrificial altar of Ru.
  2545 | D:3      | Found a burning altar of Makhleb.
  2545 | D:3      | Found a snail-covered altar of Cheibriados.
  2545 | D:3      | Found a hide-covered altar of Uskayaw.
  2633 | D:3      | Became a worshipper of Makhleb the Destroyer
  2736 | D:3      | Found a runed translucent gate.
  2736 | D:3      | Found a runed translucent gate.
  2737 | D:3      | Identified the +3 short sword of Joyful Slaughter {venom,
                  | rC+ Dex+5}
  2738 | D:3      | Noticed Esekla's ghost (amateur TeVM)
  2740 | D:3      | Found a runed translucent gate.
  2838 | D:4      | Noticed a phantom
  2851 | D:4      | Killed a phantom
  2851 | D:4      | Reached skill level 1 in Invocations
  2935 | D:4      | Found a glowing drain.
  2946 | D:4      | Reached XP level 7. HP: 42/62 MP: 8/8
  3034 | Sewer    | Entered a sewer
  3199 | Sewer    | Reached skill level 8 in Axes
  3393 | Sewer    | Reached * piety under Makhleb
  3498 | Sewer    | Reached skill level 9 in Axes
  3634 | Sewer    | Reached XP level 8. HP: 71/71 MP: 10/10
  4043 | D:4      | Found a staircase to the Ecumenical Temple.
  4287 | D:5      | Entered Level 5 of the Dungeon
  4315 | D:5      | Found Zapus's Book Shop.
  4318 | D:5      | Reached ** piety under Makhleb
  4387 | D:5      | Reached skill level 10 in Axes
  4584 | D:5      | Reached skill level 5 in Invocations
  5146 | D:6      | HP: 5/111 [orc warrior/+1 trident of venom (18)]
  5148 | D:6      | HP: 2/111 [poisoned by an orc warrior]
  5149 | D:6      | Succumbed to an orc warrior's poison

Levels and vault maps discovered:
D:1:      dpeg_arrival_fog, layout_loops_corners
D:2:      layout_basic, fedhas_altar_1, uniq_natasha
D:3:      layout_rooms, grunt_temple_overflow_open, first_ration,
          gammafunk_ghost_nasty_kobolds
D:4:      layout_basic, minmay_temple_entry_trees, portal_sewer_entry_a
D:5:      layout_loops_ring, serial_shops, shop
D:6:      layout_gridville, serial_shops, nicolae_shop_statue_plus, tso_altar

Skill      XL: |  1  2  3  4  5  6  7  8 |
---------------+-------------------------+-----
Axes           | 3 4 5 7 9 10 | 10.9
Fighting       | 4 5 6 7 |  7.8
Invocations    | 1 3 5 |  5.7
Armour         | |  3.2
Shields        | |  3.2

Action                   |  1- 3 |  4- 6 |  7- 9 || total
-------------------------+-------+-------+-------++-------
Melee: War axe           |    79 |   149 |   280 ||   508
  Use: Scroll            |       |       |    11 ||    11
       Potion            |       |       |     1 ||     1
  Eat: Chunk             |     1 |     6 |     7 ||    14
Armor: Scale mail        |    29 |    60 |    90 ||   179
Dodge: Dodged            |    24 |    62 |    78 ||   164
Block: Kite shield       |    43 |    74 |   101 ||   218

Table legend:
 A = Non-vault XP
 B = Vault XP
 C = Vault XP percentage of total XP
 D = Non-vault monster count
 E = Vault monster count
 F = Vault count percentage of total count
                 A         B        C        D         E       F
            +---------+---------+-------+---------+---------+-------
      Total |    1679 |     666 |  28.4 |     111 |      33 |  22.9
            +---------+---------+-------+---------+---------+-------
        D:1 |      13 |       0 |   0.0 |       9 |       0 |   0.0
        D:2 |     129 |      35 |  21.3 |      22 |       1 |   4.3
        D:3 |     249 |       0 |   0.0 |      34 |       0 |   0.0
        D:4 |     480 |      19 |   3.8 |      23 |       4 |  14.8
        D:5 |     391 |       0 |   0.0 |      12 |       0 |   0.0
        D:6 |     417 |       0 |   0.0 |      11 |       0 |   0.0
      Sewer |       0 |     612 | 100.0 |       0 |      28 | 100.0
            +---------+---------+-------+---------+---------+-------
